cohdb
Replays
Latest Replays
All Replays
Popular Replays
Top Player Replays
Match Explorer
How It Works
Community
CoH3 Stats
Reddit
Sign in to upload your games and track your stats! →
Sign in with Steam
Match 42802222
Unlisted
Match 42802222
Overview
Messages
Build Orders
End
Royal Engineer Section
Construct Section Command Post
Dingo Light Scout Car
Infantry Section
Infantry Section
Construct Platoon Command Post
Humber Armored Car
Selects Canadian Shock Battlegroup
Selects Offensive Resupply
Selects Canadian Shock Section
6-pounder Anti-tank Gun Team
Selects Incendiary Munitions
Canadian Shock Section
Construct Company Command Post
Selects Pyrotechnics
Crusader II Medium Tank
AI Takeover
anethma
FlyingIguana
Roger Roach
Metzger
0
0
Comments
sign in to comment!
No comments posted yet!